 Dungeon Crawl Stone Soup version 0.23.2-33-g5129a83184 (webtiles) character file.

Game seed: 5617781800888191656

81 Atelerd the Magician (level 4, -2/27 HPs)
             Began as an Octopode Wizard on July 12, 2019.
             Slain by a killer bee (5 damage)
             ... on level 3 of the Dungeon.
             The game lasted 00:03:53 (2861 turns).

Atelerd the Magician (Octopode Wizard)              Turns: 2861, Time: 00:03:53

Health: -2/27      AC:  3    Str:  8    XL:     4   Next: 40%
Magic:  2/10       EV: 13    Int: 21    God:
Gold:   136        SH:  0    Dex: 10    Spells: 5/11 levels left

rFire    . . .     SeeInvis .   l - +0 spear
rCold    . . .     Gourm    .   (no shield)
rNeg     . . .     Faith    .   a - +1 hat
rPois    +         Spirit   .   n - amulet of the acrobat
rElec    .         Reflect  .   (no ring)
rCorr    .         Harm     .   (no ring)
MR       .....                  (no ring)
Stlth    +++.......             (no ring)
HPRegen  0.09/turn              (no ring)
MPRegen  0.12/turn              (no ring)
                                (no ring)
                                (no ring)

@: lethally poisoned (-2 -> -5)
A: almost no armour, stealthy swim, amphibious, 8 rings, constrict 8, rugged
brown scales 1, camouflage 1, poison resistance, strong 1, gelatinous body 1, no
potion heal 1
a: no special abilities


You were on level 3 of the Dungeon.
You were hungry.

You visited 1 branch of the dungeon, and saw 3 of its levels.

You collected 136 gold pieces.

Inventory:

Hand Weapons
 d - a +0 whip
 l - a +0 spear (weapon)
 m - a +2 dagger of holy wrath
Armour
 a - a +1 hat (worn)
Jewellery
 n - an amulet of the acrobat (around mantle)
Scrolls
 b - a scroll of remove curse
 f - 2 scrolls of teleportation
 h - a scroll of fog {unknown}
 j - 2 scrolls of enchant armour
Potions
 i - a potion of haste
 o - a potion of ambrosia {unknown}
Comestibles
 c - 7 rations


   Skills:
 - Level 2.0 Dodging
 - Level 2.6 Stealth
 + Level 4.0 Spellcasting
 + Level 2.9 Conjurations
   Level 1.0 Summonings
 - Level 1.0 Translocations


You had 5 spell levels left.
You knew the following spells:

 Your Spells              Type           Power        Failure   Level  Hunger
a - Magic Dart            Conj           ###.         3%          1    None
b - Mephitic Cloud        Conj/Pois/Air  #.......     24%         3    ###....
c - Blink                 Tloc           N/A          12%         2    #......

Your spell library contained the following spells:

 Spells                   Type           Power        Failure   Level  Hunger
 Corona                   Hex            #......      12%         1    None
 Call Imp                 Summ           #.......     12%         2    #......
 Ensorcelled Hibernation  Hex/Ice        #.....       19%         2    #......
 Slow                     Hex            #.......     19%         2    #......
 Conjure Flame            Conj/Fire      ##......     21%         3    ###....
 Dazzling Spray           Conj/Hex       ##....       21%         3    ###....
 Confuse                  Hex            #.......     34%         3    ###....
 Tukima's Dance           Hex            #.......     34%         3    ###....


Dungeon Overview and Level Annotations

Branches:
Dungeon (3/15)

Altars:
Makhleb
Qazlal


Innate Abilities, Weirdness & Mutations

You cannot wear most types of armour.
You are very stealthy in the water. (Stealth+)
You are amphibious.
You can wear up to eight rings at the same time.
You can use your tentacles to constrict eight enemies at once.
Your skin changes colour to match your surroundings (Stealth+).
Your rubbery body absorbs attacks. (AC +1, EV +1)
You are partially covered in rugged brown scales. (AC +1, +3% HP)
Your system is resistant to poisons. (rPois)
Your muscles are strong. (Str +2)
Potions are less effective at restoring your health.


Message History

The ball explodes into a vile cloud!
The stinking cloud engulfs the killer bee but does no damage.
The killer bee is engulfed in noxious fumes.
The killer bee appears confused.
The killer bee stings the plant.
The killer bee is engulfed in noxious fumes.
The killer bee appears confused.
The killer bee is engulfed in noxious fumes.
The killer bee appears confused.
The killer bee is engulfed in noxious fumes.
The killer bee appears confused.
It was a potion of mutation.
You feel extremely strange.
Rugged brown scales grow over part of your body.
You feel resistant to poisons.
Your system partially rejects the healing effects of potions.
You feel stronger.
* * * LOW HITPOINT WARNING * * *
You feel sick.
The killer bee is engulfed in noxious fumes.
The killer bee stings you.
You die...

#...........#
#.#.......#.# ######.#
#.##....<##.####♣...P..#.#
# ##...##.#...♣..≈≈♣≈...##
##....###.♣P..≈♣≈≈≈.P.#
....##.#....♣○y≈≈≈♣...#
##...###.#♣.P○°°y♣≈....#
.. .....P...y≈♣○≈..P.# .
.#.#.P..@(y°P....#
..##.###..yP..P#.# ......
####.#.## ..### #........
... ######### #.## ..#
#... #.# #..## # #.# #....
#. #.# #..P.


You could see 5 killer bees.

Vanquished Creatures
  4 adders
  2 worms (D:2)
  2 leopard geckos (D:2)
  4 giant cockroaches
  4 goblins (D:2)
  4 hobgoblins
  2 jackals (D:2)
  6 bats
  2 frilled lizards
  4 kobolds
  6 rats
40 creatures vanquished.

Notes
Turn   | Place    | Note
-------+----------+-------------------------------------------
     0 | D:1      | Atelerd the Octopode Wizard began the quest for the Orb.
     0 | D:1      | Reached XP level 1. HP: 11/11 MP: 4/4
   541 | D:1      | Reached XP level 2. HP: 17/17 MP: 6/6
   970 | D:2      | Reached XP level 3. HP: 11/21 MP: 5/7
   975 | D:2      | Learned a level 3 spell: Mephitic Cloud
   978 | D:2      | Learned a level 2 spell: Blink
  2471 | D:2      | Found a burning altar of Makhleb.
  2472 | D:2      | Found a stormy altar of Qazlal.
  2558 | D:3      | Reached XP level 4. HP: 27/27 MP: 9/9
  2835 | D:3      | Reached skill level 4 in Spellcasting
  2861 | D:3      | Gained mutation: You are partially covered in rugged brown
                  | scales. (AC +1, +3% HP) [potion of mutation]
  2861 | D:3      | Gained mutation: Your system is resistant to poisons.
                  | (rPois) [potion of mutation]
  2861 | D:3      | Gained mutation: Potions are less effective at restoring
                  | your health. [potion of mutation]
  2861 | D:3      | Gained mutation: Your muscles are strong. (Str +2) [potion
                  | of mutation]
  2861 | D:3      | Slain by a killer bee

Skill      XL: |  1  2  3  4 |
---------------+-------------+-----
Conjurations   | 2 |  2.9
Spellcasting   | 4 |  4.0
Dodging        | |  2.0
Stealth        | |  2.6
Summonings     | |  1.0
Translocations | |  1.0

Action                   |  1- 3 |  4- 6 || total
-------------------------+-------+-------++-------
Melee: Whip              |    40 |       ||    40
       Constrict         |    19 |     8 ||    27
       Tentacles         |     8 |     3 ||    11
       Unarmed           |     1 |       ||     1
       Spear             |    42 |    27 ||    69
 Cast: Magic Dart        |    16 |       ||    16
       Mephitic Cloud    |     6 |     3 ||     9
       Blink             |       |     3 ||     3
  Use: Scroll            |       |     4 ||     4
       Potion            |       |     2 ||     2
 Stab: Sleeping          |     5 |     1 ||     6
       Confused          |     2 |       ||     2
  Eat: Chunk             |     3 |       ||     3
       Ration            |     1 |       ||     1
Armor: Skin              |    16 |     5 ||    21
Dodge: Dodged            |    71 |    19 ||    90
